[Event "Early-Titled-Tuesday-Blitz-January-16-2024"]
[Site "Chess.com"]
[Date "2024.01.16"]
[Round "3"]
[White "PavelShkapenko"]
[Black "Jospem"]
[Result "0-1"]
[WhiteElo "2780"]
[BlackElo "3081"]
[TimeControl "180+1"]
[EndTime "8:29:36 PST"]
[Termination "Jospem won by resignation"]

1. e4 c5 2. c3 d6 3. d4 Nf6 4. Bd3 Qc7 5. Nf3 Bg4 6. O-O Nbd7 7. h3 Bh5 8. Re1 e6 9. Nbd2 Be7 10. Nf1 Bg6 11. Nh4 O-O 12. Nxg6 hxg6 13. Bf4 cxd4 14. cxd4 Qb6 15. Be3 Qa5 16. a3 Rac8 17. Ng3 a6 18. Qd2 Qxd2 19. Bxd2 Nb8 20. e5 Nd5 21. Ne4 dxe5 22.
dxe5 Rfd8 23. Bg5 Nc6 24. Bxe7 Ndxe7 25. Nd6 Rb8 26. f4 g5 27. g3 gxf4 28. gxf4 Nd5 29.
Rf1 g6 30. Be4 Nce7 31. Kh2 Kg7 32. Rac1 Rh8 33. Kg3 b5 34. b4 Rh5 35. Bf3 Rhh8 36. Rc5 Ne3 37. Rfc1 N3f5+ 38. Kg2 Nh4+ 39. Kg3 Nxf3 40.
Rc7 Nd4 41. Rd1 Ndf5+ 42. Kh2 Nxd6 43. exd6 Nd5 44. Ra7 Rb6 45. d7 Rd8 46. f5 Rd6 47. fxe6 fxe6 48. Re1 R8xd7 49. Rxd7+ Rxd7 50. Rxe6 Ra7 51. Kg3 a5 52. Re5 Nc3 53. Kf3 a4 54. Rc5 Nb1 55.
Ke3 Nxa3 56. Kd3 Nc4 57. Rxb5 a3 0-1

[Event "Early-Titled-Tuesday-Blitz-January-16-2024"]
[Site "Chess.com"]
[Date "2024.01.16"]
[Round "3"]
[White "inneremptiness"]
[Black "biostatistician"]
[Result "1-0"]
[WhiteElo "2878"]
[BlackElo "2613"]
[TimeControl "180+1"]
[EndTime "8:29:36 PST"]
[Termination "inneremptiness won by resignation"]

1. e4 e5 2. Nf3 Nc6 3. Bc4 Bc5 4. d3 Nf6 5. Nc3 d6 6. O-O Bg4 7. h3 Bh5 8. Be3 Nd4 9. Bxd4 Bxd4 10. Nd5 Nxd5 11.
Bxd5 c6 12. c3 cxd5 13. cxd4 dxe4 14. dxe4 exd4 15. g4 Bg6 16. Qxd4 O-O 17. Rad1 Re8 18. Rfe1 Qa5 19. a3 Rad8 20. Re3 h6 21. Nh4 Qg5 22. Nf3 Qf4 23. Rde1 b6 24. Nh4 Bh7 25. Ng2 Qg5 26.
b4 Bg6 27. f4 Qb5 28. f5 Bh7 29. Nf4 f6 30. Ne6 Rd7 31. Qd5 Qxd5 32. exd5 Rc8 33. Nd4 Kf7 34. Nc6 Rcc7 35. Re8 a5 36. Nd8+ Rxd8 37. Rxd8 axb4 38. axb4 g6 39. fxg6+ Bxg6 40. Rxd6 b5 41. Rf1 f5 42. gxf5 Bh5 43. Rc6 Rd7 44.
Rxh6 Be2 45. Rh7+ Ke8 46. Rxd7 Kxd7 47. Re1 1-0

[Event "Early-Titled-Tuesday-Blitz-January-16-2024"]
[Site "Chess.com"]
[Date "2024.01.16"]
[Round "3"]
[White "JiaHaoxiang"]
[Black "Zheenbekov86"]
[Result "0-1"]
[WhiteElo "2610"]
[BlackElo "2462"]
[TimeControl "180+1"]
[EndTime "8:29:36 PST"]
[Termination "Zheenbekov86 won by resignation"]

1. d4 d5 2. Nf3 Nf6 3. Bf4 c6 4. e3 Bf5 5. c4 e6 6. Nc3 Bd6 7. Qb3 Bxf4 8. Qxb7 Qc7 9. Qxa8 O-O 10. exf4 Nbd7 11. Qxf8+ Nxf8 12. Be2 Qxf4 13. O-O h6 14. cxd5 exd5 15. g3 Qd6 16. Rac1 N8d7 17. Rfe1 Ne4 18. Nxe4 dxe4 19. Nh4 Be6 20. b3 Qxd4 21. Red1 Qb2 22. Bf1 Qxa2 23. b4 Qb3 24. Rd4 e3 25. Rxc6 exf2+ 26. Kxf2 Ne5 27. Rcd6 Ng4+ 28. Kg2 Ne3+ 29. Kf2 Ng4+ 30. Kg2 Qc2+ 31. Rd2 Qe4+ 32. Kg1 Qxb4 33. h3 Ne3 34. Rd8+ Kh7 35. Bd3+ g6 36. Bf1 Qc5 37. R8d4 Nc2 38. Rxc2 Qxd4+ 39. Rf2 a5 40. Nf3 Qc5 41. Kg2 Bd5 42. Kh2 Qxf2+ 0-1

[Event "Early-Titled-Tuesday-Blitz-January-16-2024"]
[Site "Chess.com"]
[Date "2024.01.16"]
[Round "3"]
[White "RojonR"]
[Black "giomar27"]
[Result "1-0"]
[WhiteElo "2613"]
[BlackElo "2418"]
[TimeControl "180+1"]
[EndTime "8:29:36 PST"]
[Termination "RojonR won by resignation"]

1. e4 g6 2. d4 Bg7 3. Nf3 a6 4. Nc3 b5 5. a3 d6 6. Bd3 Nd7 7. O-O Bb7 8. Re1 e6 9. h3 Ne7 10. Be3 O-O 11. Qd2 c5 12. Bh6 Nc6 13. Bxg7 Kxg7 14.
Bf1 e5 15. dxc5 dxc5 16. Rad1 Nd4 17. Nxd4 cxd4 18. Nd5 Nb6 19. Nxb6 Qxb6 20. c3 Rfd8 21. cxd4 Rxd4 22. Qe3 Rad8 23. Rxd4 Qxd4 24. Qxd4 Rxd4 25. f3 Rd2 26. Re2 Rd1 27. Rc2 Rd7 28. Kf2 f5 29. exf5 gxf5 30. Be2 Kf6 31. Ke3 Ke6 32. b3 h5 33. a4 bxa4 34. bxa4 h4 35. Rb2 Rc7 36.
Rb6+ Kd5 37. Bxa6 Rc3+ 38. Kd2 Bxa6 39. Kxc3 Bf1 40. a5 Bxg2 41. a6 Bxf3 42. a7 Kc5 43. Rb8 f4 44. a8=Q Bxa8 45. Rxa8 e4 46. Rd8 f3 47. Kd2 f2 48. Ke2 e3 49. Re8 Kd4 50.
Rf8 f1=Q+ 51. Rxf1 Ke4 52. Rf3 Kd4 53. Rxe3 1-0

[Event "Early-Titled-Tuesday-Blitz-January-16-2024"]
[Site "Chess.com"]
[Date "2024.01.16"]
[Round "3"]
[White "Korchmar_Vasiliy"]
[Black "Mistango"]
[Result "1-0"]
[WhiteElo "2742"]
[BlackElo "2490"]
[TimeControl "180+1"]
[EndTime "8:29:38 PST"]
[Termination "Korchmar_Vasiliy won by resignation"]

1. e4 e5 2. Nf3 Nc6 3. Bc4 Be7 4. O-O Nf6 5. Nc3 O-O 6. d3 d6 7. a4 Be6 8. Nd5 Bxd5 9. exd5 Nb8 10. d4 Nfd7 11.
dxe5 Nxe5 12. Nxe5 dxe5 13. a5 Nd7 14. a6 b6 15. Qh5 Bd6 16. Bg5 f6 17. Be3 f5 18.
f4 Qf6 19. c3 Kh8 20. Bb5 Rad8 21. Rae1 e4 22. Bd4 Bc5 23. Rd1 Bxd4+ 24. Rxd4 Qg6 25. Qh4 Nf6 26. Rfd1 Rd6 27. c4 Rfd8 28. b4 c5 29. bxc5 bxc5 30. R4d2 Qg4 31. Qf2 h6 32. h3 Qg6 33. Qxc5 Nh5 34. Qf2 Qf7 35. Bc6 Nf6 36. c5 Rxc6 37. dxc6 Rc8 38. Rd7 Qc4 39.
Rd8+ Rxd8 40. Rxd8+ Kh7 41. c7 Qc1+ 42. Kh2 e3 43.
Qe2 Ne4 44. c8=Q Qxc5 45. Qxc5 Nxc5 46. Qxe3 1-0

[Event "Early-Titled-Tuesday-Blitz-January-16-2024"]
[Site "Chess.com"]
[Date "2024.01.16"]
[Round "3"]
[White "RCone"]
[Black "SmirnovAlexandrA"]
[Result "0-1"]
[WhiteElo "2441"]
[BlackElo "2642"]
[TimeControl "180+1"]
[EndTime "8:29:38 PST"]
[Termination "SmirnovAlexandrA won on time"]

1. e4 d5 2. exd5 Qxd5 3. Nc3 Qd6 4. d4 Nf6 5. Nf3 a6 6. g3 Bg4 7. Bg2 Nc6 8. Bf4 Qb4 9. h3 Bh5 10. g4 Bg6 11. Ne5 Nxd4 12. Nxg6 hxg6 13. Bxc7 e6 14. O-O Bd6 15. Bxd6 Qxd6 16. Ne4 Nxe4 17. Bxe4 Rxh3 18. f4 Qb6 19. Kg2 Rh8 20. c3 Nc6 21. Qb3 Qc7 22.
Rad1 g5 23. Bxc6+ Qxc6+ 24. Kg3 gxf4+ 25. Rxf4 Qc7 26. Kf3 Rh3+ 27. Kg2 Rh4 28. Qa4+ b5 29. Qe4 Rc8 30. Rdf1 g5 31. R4f2 Rh2+ 32. Kf3 Rxf2+ 33. Rxf2 Qc6 34. Qxc6+ Rxc6 35. Ke4 Ke7 36. a3 Rc4+ 37.
Kf3 Rf4+ 38. Kg3 Rxf2 39. Kxf2 Kd6 40. b3 f5 41. Kf3 Ke5 42. Ke3 a5 43. c4 bxc4 44.
bxc4 Kd6 45. Kd4 fxg4 46. c5+ Kc6 47. Ke4 Kxc5 48. Ke5 g3 49. Ke4 g2 0-1

[Event "Early-Titled-Tuesday-Blitz-January-16-2024"]
[Site "Chess.com"]
[Date "2024.01.16"]
[Round "3"]
[White "JonasEilenberg"]
[Black "Gryffindorac8"]
[Result "1-0"]
[WhiteElo "2533"]
[BlackElo "2346"]
[TimeControl "180+1"]
[EndTime "8:29:38 PST"]
[Termination "JonasEilenberg won by resignation"]

1. d4 Nf6 2. Nc3 d5 3. Bf4 a6 4. e3 b5 5. Bd3 e6 6. Nf3 c5 7.
dxc5 Bxc5 8. O-O Bb7 9. a4 b4 10. Ne2 O-O 11. Ne5 Nbd7 12. Nd4 Nxe5 13. Bxe5 Bd6 14.
Bxd6 Qxd6 15. a5 e5 16. Nb3 Rac8 17. Qd2 Rfd8 18. Rad1 h5 19. h3 g6 20. f4 Kg7 21.
fxe5 Qxe5 22. Qxb4 Qxe3+ 23. Kh1 Rc7 24. Rde1 Qg3 25.
Nd4 Ne4 26. Qb6 Rcd7 27. Rf3 Qxe1+ 28. Kh2 Qh4 29. c3 Qe7 30. Bxa6 Bxa6 31. Qxa6 Qd6+ 32.
Qxd6 Rxd6 33. b4 Rc8 34. b5 Rxc3 35. Rxc3 Nxc3 36. b6 Na4 37. b7 Rd8 38. Nc6 Re8 39.
a6 Nc5 40. b8=Q Rxb8 41. Nxb8 Nxa6 42. Nxa6 Kf6 43. Kg3 Ke5 44. Kf3 g5 45. Nb4 f5 46.
Ke3 h4 47. Nd3+ Ke6 48. Kd4 g4 49. Nf4+ Kf6 50. Kxd5 Kg5 51. Ke5 gxh3 52. gxh3 Kh6 53. Kxf5 Kg7 54. Kg4 Kh7 55. Kxh4 Kg7 56. Kg4 1-0

[Event "Early-Titled-Tuesday-Blitz-January-16-2024"]
[Site "Chess.com"]
[Date "2024.01.16"]
[Round "3"]
[White "mertfelin"]
[Black "JoliyRoger"]
[Result "0-1"]
[WhiteElo "2230"]
[BlackElo "2470"]
[TimeControl "180+1"]
[EndTime "8:29:38 PST"]
[Termination "JoliyRoger won by resignation"]

1. e4 c6 2. Nc3 d5 3. Nf3 Nf6 4.
e5 Ne4 5. Ne2 e6 6. Ng3 Nxg3 7.
fxg3 c5 8. Bb5+ Bd7 9. Bxd7+ Nxd7 10. O-O Be7 11. d3 O-O 12. Bf4 Qb6 13. Kh1 Qd8 14. h3 b5 15. Qe2 Rc8 16. Nh2 d4 17. Ng4 Nb6 18. Bd2 c4 19. Ba5 cxd3 20. Qxd3 Qc7 21. Qxd4 Qxc2 22. Bxb6 axb6 23. Rf2 Qc4 24. Qd1 Bg5 25.
Qf3 b4 26. h4 Be7 27. Rd1 Qc6 28.
Qxc6 Rxc6 29. Rd7 Bc5 30. Rf3 h5 31. Nf2 Bxf2 32. Rxf2 Rc5 33. Rb7 b5 34. Rf4 Rxe5 35.
Rxb4 Rd8 36. R7xb5 Rd1+ 37. Kh2 Ree1 38. g4 Rh1+ 39. Kg3 Rd3+ 40. Kf2 Rxh4 41. Rxh5 Rd2+ 42.
Kg3 Rxh5 43. gxh5 Kh7 44. a4 e5 45. Rb5 Rd4 46. a5 f6 47. b4 Rd3+ 48. Kh2 e4 49.
Rb7 e3 50. Kg1 Rd1+ 51. Kh2 e2 0-1

[Event "Early-Titled-Tuesday-Blitz-January-16-2024"]
[Site "Chess.com"]
[Date "2024.01.16"]
[Round "3"]
[White "sokidze"]
[Black "BogdanDeac"]
[Result "1-0"]
[WhiteElo "2783"]
[BlackElo "3022"]
[TimeControl "180+1"]
[EndTime "8:29:39 PST"]
[Termination "sokidze won by resignation"]

1. d4 Nf6 2. c4 e6 3. Nf3 d5 4.
g3 dxc4 5. Bg2 Nc6 6. Qa4 Bd7 7.
Qxc4 Na5 8. Qc2 Rc8 9. O-O c5 10. Nc3 cxd4 11. Nxd4 Bb4 12. Rd1 O-O 13. Nb3 Qb6 14. Be3 Qa6 15. Bd4 Nd5 16. Qe4 Bxc3 17. bxc3 b6 18. Qg4 f6 19. Bxd5 exd5 20. Qxd7 Rfd8 21.
Qe6+ Kh8 22. Nxa5 Qxa5 23. e3 Re8 24. Qf5 Rcd8 25. a4 Rf8 26. Rdb1 Rc8 27. Rb5 Qa6 28. Qxd5 Rfd8 29. Qb3 Qb7 30. a5 Qf3 31. axb6 axb6 32.
Rxb6 h5 33. Qd1 Qf5 34. Rab1 h4 35. R6b5 Rd5 36. Rxd5 Qxd5 37. Qg4 Ra8 38. Qxh4+ Kg8 39. Qg4 Rf8 40. h4 Rf7 41. Rb8+ Kh7 42. e4 Qa5 43. Qf5+ Qxf5 44. exf5 Rd7 45. Kg2 Rd5 46. g4 Ra5 47. Rb7 1-0

[Event "Early-Titled-Tuesday-Blitz-January-16-2024"]
[Site "Chess.com"]
[Date "2024.01.16"]
[Round "3"]
[White "LyonBeast"]
[Black "jk13"]
[Result "1-0"]
[WhiteElo "3136"]
[BlackElo "2669"]
[TimeControl "180+1"]
[EndTime "8:29:39 PST"]
[Termination "LyonBeast won by resignation"]

1. e4 e5 2. Nf3 Nc6 3. Bc4 Bc5 4.
c3 Nf6 5. d3 O-O 6. O-O d5 7.
exd5 Nxd5 8. Re1 Nb6 9. Bb5 f6 10. a4 a6 11. Bxc6 bxc6 12. a5 Nd5 13. Nbd2 Bg4 14.
Qa4 Qd7 15. h3 Bf5 16. Ne4 Ba7 17. Bd2 Rab8 18. b4 Rbd8 19. Kh2 Ne7 20. d4 exd4 21. cxd4 Rfe8 22. Ng3 Be6 23. Rac1 Bd5 24. Rc3 Nc8 25. Qc2 Nd6 26. Rxe8+ Rxe8 27. Re3 Re6 28. Nh5 Ne4 29. Nf4 Qd6 30. g3 Re7 31. Be1 Kf7 32. Nh4 Qd7 33. Qd1 Kg8 34. Nf3 Nd6 35. Rxe7 Qxe7 36. Bc3 Qe4 37. Nd2 Qf5 38. Qe2 Kf7 39. Qxa6 g5 40. Nd3 Ne4 41. g4 Qe6 42. Qxa7 Nxd2 43. Qxc7+ Kg6 44.
Bxd2 Qe4 45. Ne5+ fxe5 46. Qd6+ Kg7 47. Qe7+ Kg6 48. Qxg5+ Kf7 49. Qh5+ Ke7 50. Qxe5+ Qxe5+ 51. dxe5 c5 52. bxc5 Ke6 53. f4 1-0

[Event "Early-Titled-Tuesday-Blitz-January-16-2024"]
[Site "Chess.com"]
[Date "2024.01.16"]
[Round "3"]
[White "LionKing2367890"]
[Black "ljuks68"]
[Result "1-0"]
[WhiteElo "2261"]
[BlackElo "2471"]
[TimeControl "180+1"]
[EndTime "8:29:39 PST"]
[Termination "LionKing2367890 won on time"]

1. e4 e6 2. d4 d5 3. exd5 exd5 4. Bd3 Nf6 5. Ne2 c5 6. c3 Nc6 7. Bg5 Be7 8. O-O Qb6 9. Qd2 c4 10. Bxf6 Bxf6 11. Nf4 cxd3 12. Nxd5 Qd8 13. Nxf6+ Qxf6 14. Qxd3 O-O 15. Nd2 Bf5 16. Qf3 Rfe8 17. Rae1 Bg6 18. Qxf6 gxf6 19. Re3 Kf8 20. Rfe1 Ne7 21. Nc4 Rad8 22.
h4 h5 23. f3 Rd7 24. g4 Rc8 25. Nd2 Nd5 26. R3e2 Nf4 27. Rh2 Nd3 28. Re3 Nxb2 29. Ne4 Bxe4 30. fxe4 Nc4 31. Rf3 hxg4 32. Rxf6 Ke7 33.
Rf4 Rg8 34. h5 g3 35. Rh3 Rd6 36. h6 Rdg6 37. h7 Rh8 38. Kg2 Ne3+ 39. Kg1 Nc4 40. Kg2 Ne3+ 41. Kg1 a6 42. Rf3 Nc4 43. Rf4 Rg7 44.
Rfh4 Ne3 45. e5 Rg6 46. Re4 Nf5 47. Rf4 Ke6 48. Rh5 1-0

[Event "Early-Titled-Tuesday-Blitz-January-16-2024"]
[Site "Chess.com"]
[Date "2024.01.16"]
[Round "3"]
[White "Practical-Play"]
[Black "bubeliang"]
[Result "1-0"]
[WhiteElo "2512"]
[BlackElo "2763"]
[TimeControl "180+1"]
[EndTime "8:29:41 PST"]
[Termination "Practical-Play won by resignation"]

1. e4 c6 2. Nf3 d5 3. Nc3 dxe4 4. Nxe4 Nf6 5. Neg5 h6 6. Nxf7 Kxf7 7. Bc4+ e6 8.
d4 c5 9. O-O Nc6 10. Re1 cxd4 11. Qe2 Nd5 12. c3 Be7 13. Bd3 Bf6 14. cxd4 Re8 15.
Ne5+ Nxe5 16. dxe5 Bg5 17. Qe4 Bxc1 18. Raxc1 Bd7 19. Qg6+ Kf8 20. Re3 Nxe3 21. fxe3 Qg5 22. Qe4 Rec8 23. Rf1+ Ke8 24. Qb4 Qe7 25. Bg6+ Kd8 26.
Rf8+ Be8 27. Rxe8+ Qxe8 28. Bxe8 Kxe8 29. Qxb7 Kf8 30.
h3 Kg8 31. Qd7 Re8 32. b4 Rad8 33. Qxa7 Rd1+ 34. Kh2 Rd2 35. b5 Rc8 36. Qe7 Rcc2 37. Qxe6+ Kh8 38. Qg6 Rd8 39. e6 Rcc8 40. e7 Re8 41. Qf7 Rb8 42. a4 h5 43. a5 Kh7 44.
a6 Kh6 45. a7 Ra8 46. b6 g6 47. b7 Rh8 48. bxa8=Q Rxa8 49. e8=Q Rxe8 50. Qxe8 1-0

[Event "Early-Titled-Tuesday-Blitz-January-16-2024"]
[Site "Chess.com"]
[Date "2024.01.16"]
[Round "3"]
[White "lilleper1"]
[Black "Arifarsky"]
[Result "1/2-1/2"]
[WhiteElo "2945"]
[BlackElo "2719"]
[TimeControl "180+1"]
[EndTime "8:29:43 PST"]
[Termination "Game drawn by repetition"]

1. Nf3 Nf6 2. c4 c5 3. Nc3 g6 4. e4 d6 5. d4 Bg7 6. Be2 O-O 7. O-O Nc6 8. d5 Na5 9. h3 a6 10. a4 e5 11. Ne1 Ne8 12. Rb1 Nc7 13. Be3 Bd7 14. b4 cxb4 15. Rxb4 b5 16. cxb5 axb5 17.
axb5 Nb7 18. Nc2 Nc5 19. Rb1 Rb8 20. Bxc5 dxc5 21. Ne3 f5 22. b6 Ne8 23. Nc4 Qg5 24.
Ra1 Nf6 25. Ra7 Rf7 26. Nxe5 Re7 27. Nxd7 Rxd7 28. Rxd7 Nxd7 29. Na4 Bd4 30. exf5 Nxb6 31. Nxb6 Rxb6 32. fxg6 hxg6 33. Bg4 Kg7 34. Qe2 Qxd5 35. Bf3 Qe5 36. Qd3 Rb2 37. Qa3 Kh6 38. Qa8 Kg7 39.
Qa7+ Kh6 40. Qa3 Kg7 41. Qd3 Kh6 42. h4 Rxf2 43. Rxf2 Qe1+ 44. Kh2 Qxf2 45. Qe4 Qg1+ 46. Kh3 Qe3 47. Qd5 Qe7 48. g4 Kg7 49. g5 Qf7 50. Qc6 Qf5+ 51. Kg2 Qc2+ 52. Kh3 Qf5+ 53. Kg2 Qc2+ 54. Kh3 Qf5+ 1/2-1/2

[Event "Early-Titled-Tuesday-Blitz-January-16-2024"]
[Site "Chess.com"]
[Date "2024.01.16"]
[Round "3"]
[White "xakevicius91"]
[Black "MyDream003"]
[Result "0-1"]
[WhiteElo "2521"]
[BlackElo "2858"]
[TimeControl "180+1"]
[EndTime "8:29:43 PST"]
[Termination "MyDream003 won by resignation"]

1. e4 c5 2. Nf3 Nc6 3. Bc4 e6 4.
O-O d6 5. c3 Nf6 6. Re1 Be7 7.
d4 cxd4 8. cxd4 O-O 9. Bf1 Bd7 10. Nc3 Rc8 11. Qe2 e5 12. dxe5 dxe5 13. Rd1 Qe8 14.
h3 h6 15. Be3 Be6 16. Rac1 Kh8 17. Kh1 Rg8 18. Qb5 Rb8 19. Nd5 Bd8 20. Nxf6 Bxf6 21. Bc4 a6 22. Qb6 Bd8 23. Qc5 Be7 24. Qb6 Bxc4 25. Rxc4 f6 26. Nh4 Qf7 27. b3 g6 28. Rcc1 Kh7 29. Qc7 Rgc8 30. Qd7 Kg7 31. Qg4 h5 32. Qe2 Qe6 33. Nf3 Rh8 34. Qc4 Qxc4 35.
Rxc4 Rhd8 36. Rcc1 Kf7 37. Bb6 Rxd1+ 38. Rxd1 Ke6 39. Kg1 Rc8 40. Kf1 Nb4 41. Rd2 Rc1+ 42. Ke2 Ra1 43. a4 Rb1 44. Ne1 Rxb3 45. g3 Nc6 46.
Be3 Rb4 47. f4 exf4 48. gxf4 Rxe4 49. Kf3 Rxa4 50. Nd3 Rc4 51. Re2 Kf7 52. Rd2 a5 53.
Nf2 Ke8 54. Ne4 a4 55. f5 gxf5 56. Ng3 Ne5+ 57. Ke2 f4 58. Bxf4 Rxf4 59. Nxh5 Re4+ 60. Kd1 Kf7 61. Ng3 Rc4 62. Nf5 Rc7 63. Ne3 a3 64. Nd5 Rd7 65. h4 a2 0-1

[Event "Early-Titled-Tuesday-Blitz-January-16-2024"]
[Site "Chess.com"]
[Date "2024.01.16"]
[Round "3"]
[White "BJthechessgod"]
[Black "Let_it_be_1"]
[Result "0-1"]
[WhiteElo "2419"]
[BlackElo "2615"]
[TimeControl "180+1"]
[EndTime "8:29:43 PST"]
[Termination "Let_it_be_1 won by resignation"]

1. e4 e6 2. d4 d5 3. e5 c5 4. c3 Qb6 5. Nf3 Nc6 6. a3 Bd7 7. b4 cxd4 8. cxd4 Rc8 9. Bb2 Na5 10. Nbd2 Nc4 11. Nxc4 dxc4 12. Rc1 a5 13. Nd2 axb4 14. Nxc4 Qd8 15. a4 Nh6 16. d5 exd5 17. Qxd5 Bc6 18. Qxd8+ Rxd8 19. Na5 Bxa4 20. Nxb7 Rb8 21. Nc5 Bxc5 22.
Rxc5 O-O 23. Bd3 Rfd8 24. Ke2 Ng4 25. Bc4 Rbc8 26. Rxc8 Rxc8 27. Rc1 Rxc4 28. Rxc4 Bb5 29. Kd3 Nxf2+ 30. Kd4 Bxc4 31. Kxc4 Kf8 32. Bd4 Ng4 33. h3 Nh6 34. g4 Ke7 35. Kxb4 Ke6 36. Kc4 Ng8 37. Kd3 Kd5 38. Bb2 Ne7 39. e6 f6 40.
g5 Kxe6 41. gxf6 gxf6 42. Ke4 Ng6 43. Bc3 f5+ 44. Kf3 Kd5 45. Bb2 h5 46. Ba1 Ke6 47.
Bb2 Ne5+ 48. Ke3 Nc4+ 49. Kf4 Nxb2 50. Kg5 Ke5 51. Kxh5 f4 52. Kg4 Ke4 53. h4 f3 54.
h5 f2 55. h6 f1=Q 56. h7 Qh1 57. Kg5 Qxh7 58. Kf6 Qf5+ 0-1

[Event "Early-Titled-Tuesday-Blitz-January-16-2024"]
[Site "Chess.com"]
[Date "2024.01.16"]
[Round "3"]
[White "iwanyu"]
[Black "iturrizaga"]
[Result "1-0"]
[WhiteElo "2676"]
[BlackElo "3034"]
[TimeControl "180+1"]
[EndTime "8:29:44 PST"]
[Termination "iwanyu won on time"]

1. d4 Nf6 2. c4 e6 3. Nf3 b6 4. g3 Ba6 5. Nbd2 c5 6. e4 cxd4 7. e5 Ng4 8. h3 Nh6 9. Bg2 Nc6 10.
O-O Nf5 11. Re1 Rc8 12. a3 Be7 13. b4 Bb7 14. Ne4 O-O 15. g4 Nh6 16. Qd3 Qc7 17.
Neg5 g6 18. Ne4 Kg7 19. Bg5 Bxg5 20. Nexg5 f6 21. exf6+ Rxf6 22. Ne4 Rf4 23. b5 Ne5 24. Qxd4 Nf7 25. Rad1 Bxe4 26. Rxe4 Rxe4 27. Qxe4 Qxc4 28. Nxe5 Qxe4 29. Bxe4 Nxe5 30. f4 Rc4 31. fxe5 Rxe4 32. Rxd7+ Kh6 33. Rxa7 Rxe5 34. a4 Re4 35. Rb7 Rxa4 36.
Rxb6 e5 37. Re6 e4 38. Re5 Rb4 39. Kg2 Kg7 40. g5 h6 41. h4 hxg5 42. hxg5 Kf7 43. Kg3 Kf8 44. Kf4 Kf7 45. Ke3 Kf8 46. Kd2 Kf7 47.
Kc3 Rb1 48. Kc4 Rc1+ 49. Kd5 e3 50. Rxe3 Rg1 51. Re5 Rb1 52. Kc6 1-0

[Event "Early-Titled-Tuesday-Blitz-January-16-2024"]
[Site "Chess.com"]
[Date "2024.01.16"]
[Round "3"]
[White "carokannlover213"]
[Black "ural58"]
[Result "1-0"]
[WhiteElo "2771"]
[BlackElo "2494"]
[TimeControl "180+1"]
[EndTime "8:29:44 PST"]
[Termination "carokannlover213 won by resignation"]

1. e4 d5 2. exd5 Qxd5 3. Nc3 Qa5 4. d4 Nf6 5. Nf3 Nc6 6. Bd2 a6 7. Ne4 Qb6 8. Nxf6+ gxf6 9. d5 Ne5 10. Nxe5 fxe5 11.
Bd3 Qxb2 12. Rb1 Qd4 13. Rb4 Qxd5 14. Rh4 f5 15. Bc4 Qxg2 16. Qh5+ Kd8 17. Rf1 Bd7 18.
Qf7 Qg7 19. Qd5 Kc8 20. Rh3 e6 21. Qa5 Bd6 22. Rd3 Qe7 23. Rb3 Bc6 24. Ke2 Rd8 25. Rfb1 Qe8 26. Bg5 Qh5+ 27. Ke1 Qxg5 28. Bxe6+ Bd7 29.
Qd5 Qg1+ 30. Ke2 Qg4+ 31. Kf1 Bxe6 32. Qxe6+ Rd7 33. Rg3 Qxg3 34. hxg3 b5 35. Qxf5 c6 36. Ke2 Kc7 37. Rh1 Rh8 38. Rh6 a5 39. Re6 Rf8 40.
Qe4 Rff7 41. f3 a4 42. c4 bxc4 43. Qxc4 Rde7 44. Rxe7+ Rxe7 45. Qxa4 Kd7 46. Qg4+ Kc7 47. Qe4 c5 48. Kd3 Kb6 49. Kc4 Ra7 50. Qb1+ Kc7 51.
Kd5 Ra5 52. Qxh7+ 1-0

[Event "Early-Titled-Tuesday-Blitz-January-16-2024"]
[Site "Chess.com"]
[Date "2024.01.16"]
[Round "3"]
[White "LeoWin2012"]
[Black "otrov-11"]
[Result "1-0"]
[WhiteElo "2239"]
[BlackElo "2440"]
[TimeControl "180+1"]
[EndTime "8:29:45 PST"]
[Termination "LeoWin2012 won by resignation"]

1. e4 e6 2. d4 d5 3. e5 c5 4.
c3 Nc6 5. Nf3 Qb6 6. a3 c4 7.
Be2 Na5 8. Nbd2 Bd7 9. h4 Ne7 10.
h5 h6 11. Rh3 Qc7 12. Nh2 Nc8 13. f4 Nb6 14. Bf3 O-O-O 15. Qe2 f6 16. Ng4 Be7 17. Kf1 Rdf8 18. Kg1 Nc6 19. Nf1 fxe5 20. fxe5 Kb8 21. Nf2 Nd8 22. Rg3 Rhg8 23. Nh3 Nf7 24. Rg6 Nd8 25. Rg3 Be8 26. Be3 Qd7 27. Nf4 Bg5 28.
Ng6 Bxg6 29. hxg6 Bf4 30. Bxf4 Rxf4 31. Ne3 Rgf8 32. Rf1 Nc6 33. Ng4 Ne7 34. Qd2 Nxg6 35. Nxh6 Nh4 36. Ng4 Qe7 37. Nh2 R4f7 38. Qe2 Nf5 39.
Rh3 g5 40. Bg4 Nd7 41. Bxf5 Rxf5 42. Rxf5 Rxf5 43. Rf3 Qf7 44. Ng4 Rf4 45. Qf2 Qf5 46. Rxf4 gxf4 47. Qh4 Kc7 48. Nf6 Nxf6 49. Qxf6 Qxf6 50.
exf6 Kd7 51. Kf2 Ke8 52. Kf3 Kf7 53. Kxf4 Kxf6 54. g4 b6 55. g5+ Kg6 56. Ke5 Kxg5 57.
Kxe6 Kf4 58. Kxd5 Ke3 59. Kxc4 Kd2 60. d5 Kc2 61. d6 Kxb2 62. d7 Kxa3 63. d8=Q a5 1-0

[Event "Early-Titled-Tuesday-Blitz-January-16-2024"]
[Site "Chess.com"]
[Date "2024.01.16"]
[Round "3"]
[White "ChessSwole"]
[Black "SantoBlue"]
[Result "0-1"]
[WhiteElo "2706"]
[BlackElo "2939"]
[TimeControl "180+1"]
[EndTime "8:29:46 PST"]
[Termination "SantoBlue won by resignation"]

1. d4 d6 2. e4 Nf6 3. Nc3 e5 4.
dxe5 dxe5 5. Qxd8+ Kxd8 6. Bc4 Ke8 7. f4 Bb4 8. fxe5 Nxe4 9. Ne2 Nc6 10. Bxf7+ Kxf7 11. O-O+ Kg8 12. Nxe4 Nxe5 13. Bf4 Bg4 14. N2c3 Re8 15. Nd5 Ng6 16. Nef6+ gxf6 17. Nxf6+ Kg7 18. Nxg4 h5 19. Nf6 Re2 20. Bxc7 Rxc2 21. Nd5 Bc5+ 22. Kh1 Rxb2 23. a4 Re8 24. Nf6 Re7 25. Bd8 Ree2 26.
Nxh5+ Kh6 27. Nf4 Nxf4 28. Rxf4 Rxg2 29. Rh4+ Kg6 30. Rf1 Bd4 31. Bc7 Bf6 32. Rh3 Rbc2 33. Rg3+ Rxg3 34. Bxg3 Ra2 35. Rf4 b6 36. Kg1 Be7 37.
Kf1 a5 38. Bf2 Rb2 39. Rc4 Bd8 40. Rd4 Bc7 41. Rc4 Bd8 42. Rd4 Be7 43. Rd7 Bb4 44.
Rd6+ Kf5 45. Rxb6 Ra2 46. Kg2 Rxf2+ 47. Kg3 Ra2 48. Rb5+ Ke4 49. h4 Rxa4 50. h5 Ra1 51. Kg4 Rg1+ 52. Kh3 Kf4 53. Kh2 Rg5 0-1

[Event "Early-Titled-Tuesday-Blitz-January-16-2024"]
[Site "Chess.com"]
[Date "2024.01.16"]
[Round "3"]
[White "jcibarra"]
[Black "guillembaches"]
[Result "1-0"]
[WhiteElo "2861"]
[BlackElo "2523"]
[TimeControl "180+1"]
[EndTime "8:29:46 PST"]
[Termination "jcibarra won on time"]

1. e4 d5 2. exd5 Qxd5 3. Nc3 Qa5 4. d4 Nf6 5. Bd2 Bg4 6. f3 Bd7 7. Bc4 Qb6 8. Nge2 e6 9. Be3 Be7 10. Qd2 O-O 11. O-O-O Rd8 12. d5 Bc5 13. Bxc5 Qxc5 14. Qf4 Na6 15. dxe6 Bxe6 16. Bxe6 fxe6 17. a3 Qf5 18.
Qc4 Nd5 19. Nd4 Qf4+ 20. Kb1 Nxc3+ 21. Qxc3 Re8 22. Rhe1 Qf6 23. Qc4 Rad8 24. Rd3 Kh8 25.
Rxe6 Rxe6 26. Qxe6 Qf8 27. Qe5 Nc5 28. Rc3 b6 29. b4 Na4 30. Rxc7 Re8 31. Ne6 Qf6 32. Qxf6 gxf6 33. Rc6 Kg8 34. f4 f5 35. Ka2 Kf7 36.
Ng5+ Kg7 37. Kb3 b5 38. Rc7+ Kg6 39. c4 Re3+ 40. Ka2 Nb6 41. cxb5 Nd5 42. Rc6+ Kg7 43. Ne6+ Kf7 44. Nd4 Nxf4 45. Nxf5 Re2+ 46. Kb3 Rxg2 47. Ra6 h5 48. Rxa7+ Kf6 49. b6 Kxf5 50. b7 Rg8 51.
Ra8 1-0

[Event "Early-Titled-Tuesday-Blitz-January-16-2024"]
[Site "Chess.com"]
[Date "2024.01.16"]
[Round "3"]
[White "Pawnpusher1245"]
[Black "DAVIDHDZSTS"]
[Result "0-1"]
[WhiteElo "2344"]
[BlackElo "1987"]
[TimeControl "180+1"]
[EndTime "8:29:46 PST"]
[Termination "DAVIDHDZSTS won on time"]

1. d4 e6 2. Nf3 Nf6 3. e3 d5 4. b3 c5 5. Bb2 Nc6 6. a3 Be7 7.
Bd3 a6 8. O-O b5 9. c4 bxc4 10.
bxc4 cxd4 11. exd4 dxc4 12. Bxc4 Qb6 13. Bc3 Bd7 14.
Nbd2 O-O 15. Rb1 Qc7 16. Qe2 Na5 17. Bxa5 Qxa5 18. Ne5 Bd6 19. Bd3 Bxe5 20. dxe5 Nd5 21. Nc4 Qd8 22. Rfc1 Bb5 23. Nd6 Nf4 24. Qd2 Nxd3 25.
Rc3 Nxe5 26. Qf4 Qf6 27. Qd4 Nc6 28. Qc5 Ne7 29. h3 Ng6 30. Rbc1 Qe5 31. Qc7 h6 32. Rc5 Qf6 33. R5c3 Qe7 34. Qc5 Qf6 35. Qc7 Ne7 36.
Rf3 Qg5 37. Rg3 Qf6 38. Rf3 Nf5 39. Qc5 Qd4 40. Nxf5 Qxc5 41. Nxh6+ gxh6 42. Rxc5 f5 43. Rc7 Rf6 44. Re3 Re8 45. Re5 Rg6 46. Rec5 f4 47.
Ra7 Rg7 0-1